 Dungeon Crawl Stone Soup version 0.14-a0-1773-ge500af7 (webtiles) character file.

1164 Mitsuki the Slinger (level 8, 0/49 HPs)
             Began as a Halfling Warper on Jan 5, 2014.
             Was an Initiate of Vehumet.
             Slain by an orc wizard
             ... wielding a +0,+2 orcish dagger
              (3 damage)
             ... on Level 7 of the Dungeon on Jan 6, 2014.
             The game lasted 00:47:35 (6481 turns).

Mitsuki the Slinger (Halfling Warper)               Turns: 6481, Time: 00:47:35

HP   0/49        AC  4     Str 11      XL: 8   Next: 31%
MP  11/14        EV 14     Int 15      God: Vehumet [......]
Gold 242         SH  0     Dex 16      Spells:  3 memorised,  7 levels left

rFire  . . .     SeeInvis .     n - +2,+3 sling
rCold  . . .     Clarity  .     b - +0 leather armour (curse)
rNeg   . . .     Conserve .     (no shield)
rPois  .         rCorr    .     (no helmet)
rElec  .         rRot     .     (no cloak)
SustAb . .       Spirit   .     (no gloves)
rMut   .         Warding  .     j - +0 pair of boots
Saprov . . .     Stasis   .     (no amulet)
                                v - ring of sustenance
                                e - +3 ring of strength

@: slightly resistant to hostile enchantments, fairly stealthy
A: mutation resistance 1, slow metabolism 1
a: Renounce Religion


You were on level 7 of the Dungeon.
You worshipped Vehumet.
Vehumet was noncommittal.
You were not hungry.

You visited 2 branches of the dungeon, and saw 8 of its levels.

You collected 242 gold pieces.

Inventory:

Hand weapons
 n - a +2,+3 sling (weapon)
Missiles
 o - 2 sling bullets (quivered)
Armour
 b - a cursed +0 leather armour (worn)
 j - a +0 pair of boots (worn)
Magical devices
 A - a wand of lightning (5) {unknown}
Comestibles
 a - a pear
 g - 4 bread rations
 h - a beef jerky
 r - an apple
 s - 4 rotting chunks of orc flesh
Scrolls
 d - 2 scrolls of blinking
 f - a scroll of identify
 i - 4 scrolls of remove curse {unknown}
 p - a scroll of enchant armour {unknown}
 x - 3 scrolls of teleportation
 y - a scroll of amnesia
Jewellery
 e - a +3 ring of strength (left hand)
 m - an uncursed ring of magical power
 u - an uncursed ring of positive energy
 v - a ring of sustenance (right hand)
 w - an uncursed amulet of resist mutation
Potions
 k - a potion of speed
 l - 2 potions of cure mutation
 q - a potion of might
Books
 c - a book of Spatial Translocations

   Spells                             Type                      Level
   *Apportation                       Translocation                1
   Portal Projectile                  Translocation                2
   *Blink                             Translocation                2
   *Shroud of Golubria                Charms/Translocation         2
   Teleport Other                     Translocation                3
   Passage of Golubria                Translocation                4


   Skills:
 - Level 1.7 Fighting
   Level 2.6 Short Blades
 - Level 10.2 Slings
 - Level 1.3 Throwing
 - Level 0.7 Armour
 - Level 3.4 Dodging
 + Level 2.0 Stealth
 + Level 2.6 Spellcasting
 + Level 5.1 Translocations


You had 7 spell levels left.
You knew the following spells:

 Your Spells              Type           Power        Failure   Level  Hunger
a - Apportation           Tloc           ###.......   2%          1    #......
b - Shroud of Golubria    Chrm/Tloc      #.........   12%         2    ##.....
c - Blink                 Tloc           N/A          4%          2    ##.....


Dungeon Overview and Level Annotations

Branches:
Dungeon (7/16)             Temple (1/1) D:6

Altars:
Cheibriados
Elyvilon
Fedhas
Kikubaaqudgha
Makhleb
Nemelex Xobeh
Okawaru
Sif Muna
Trog
Vehumet
Xom
Yredelemnul
the Shining One

Shops:
D:4 =   D:6 *   D:7 !

Annotations:
D:3 Grinder


Innate Abilities, Weirdness & Mutations

You are small and have problems with some larger weapons.
You are somewhat resistant to further mutation.
You have a slow metabolism.


Message History

The orc priest invokes the aid of Beogh against you.
Something smites you! The gnoll closely misses you.
The orc wizard barely misses you. The gnoll closely misses you.
The orc wizard gestures at you while chanting.
The puff of flame hits you!
* * * LOW HITPOINT WARNING * * *
A hobgoblin comes into view. It is wielding an orcish club.
You see here 2 sling bullets.
o - 2 sling bullets The orc hits you with an orcish flail!
* * * LOW HITPOINT WARNING * * *
The gnoll closely misses you.
The orc wizard casts a spell.
The orc wizard flickers and vanishes!
Deactivating autopickup; reactivate with Ctrl-A.
Casting: Shroud of Golubria
Confirm with . or Enter, or press ? or * to list all spells.
You blink.
It hits you.
You die...

... ##.?...## #####
...........#####....
#...............<...
##...g......#####....
##........(.. #..o.
##.#..o.......# #....
#.∩........"..# #<(..
.##.#..@..!..#.#####..(.
.........o...............
.###...g..........######
.........<.........
####...........>..
#.............
#.#######..... ... ###..
..


You could see an orc priest, a gnoll, an orc and a hobgoblin.

Vanquished Creatures
  An ogre (D:6)
  An ice beast (D:6)
  A centaur (D:5)
  A phantom (D:4)
  The ghost of Mitsuki the Stinger, an average DEVM (D:4)
  A crimson imp (D:6)
  3 orc wizards
  2 orc priests
  A giant frog skeleton (D:5)
  2 worker ants
  A hound skeleton (D:4)
  6 gnolls
  3 adders
  An inept item mimic (D:7)
  A worm (D:3)
  An iguana zombie (D:3)
  An adder skeleton (D:6)
  A giant eyeball (D:5)
  2 oozes
  3 giant geckos
  23 orcs
  6 bats
  8 giant cockroaches
  19 goblins
  19 hobgoblins
  5 jackals
  2 quokkas (D:5)
  3 giant newts
  A goblin skeleton (D:5)
  18 kobolds
  6 rats
  A rat zombie (D:6)
145 creatures vanquished.

Notes
Turn   | Place    | Note
--------------------------------------------------------------
     0 | D:1      | Mitsuki, the Halfling Warper, began the quest for the Orb.
     0 | D:1      | Reached XP level 1. HP: 14/14 MP: 2/2
   213 | D:1      | Reached XP level 2. HP: 17/19 MP: 3/3
   869 | D:1      | Reached XP level 3. HP: 20/24 MP: 5/5
   886 | D:1      | Learned a level 2 spell: Shroud of Golubria
   889 | D:1      | Learned a level 2 spell: Blink
   986 | D:1      | Reached skill level 4 in Translocations
  1208 | D:2      | Found a white marble altar of Elyvilon.
  1537 | D:2      | Reached XP level 4. HP: 18/29 MP: 3/6
  2677 | D:3      | Noticed Grinder
  2677 | D:3      | Paralysed by Grinder for 3 turns
  2903 | D:3      | Reached skill level 1 in Stealth
  2921 | D:3      | Reached XP level 5. HP: 17/34 MP: 8/8
  3683 | D:4      | Noticed a phantom
  3701 | D:4      | Killed a phantom
  3701 | D:4      | Reached skill level 5 in Slings
  3701 | D:4      | Reached XP level 6. HP: 24/39 MP: 10/10
  3893 | D:4      | Reached skill level 6 in Slings
  3992 | D:4      | Noticed Mitsuki's ghost (average DEVM)
  4001 | D:4      | Killed Mitsuki's ghost
  4108 | D:4      | Found Striarox's Jewellery Emporium.
  4218 | D:4      | Reached skill level 7 in Slings
  4218 | D:4      | Reached XP level 7. HP: 44/44 MP: 9/12
  4810 | D:5      | Entered Level 5 of the Dungeon
  4890 | D:5      | Upgraded the game from 0.14-a0-1765-g49ce880 to 0.14-a0-1773-ge500af7
  4921 | D:5      | Reached skill level 8 in Slings
  4996 | D:5      | Paralysed by a giant eyeball for 3 turns
  5120 | D:6      | Reached skill level 9 in Slings
  5186 | D:6      | Reached XP level 8. HP: 49/49 MP: 13/13
  5346 | D:6      | Found a staircase to the Ecumenical Temple.
  5365 | Temple   | Entered the Ecumenical Temple
  5463 | Temple   | Became a worshipper of Vehumet
  5496 | D:6      | Found an ancient bone altar of Kikubaaqudgha.
  5680 | D:6      | Reached skill level 10 in Slings
  5776 | D:6      | Found Mib Ciq's Assorted Antiques.
  5803 | D:6      | Reached skill level 5 in Translocations
  5891 | D:7      | Found a basalt altar of Yredelemnul.
  6106 | D:7      | Found Deupry Shro's Distillery.
  6481 | D:7      | Slain by an orc wizard

Action                   |  1- 3 |  4- 6 |  7- 9 || total
-------------------------+-------+-------+-------++-------
Melee: Short sword       |   104 |    84 |       ||   188
 Fire: Sling             |       |   148 |   160 ||   308
Throw: Dart              |    68 |    24 |    10 ||   102
 Cast: Apportation       |     2 |     1 |     2 ||     5
       Shroud of Golubri |     2 |     6 |    15 ||    23
       Blink             |     1 |     3 |    12 ||    16
  Use: Potion            |     3 |     7 |     2 ||    12
       Scroll            |       |    11 |     6 ||    17
